 Dungeon Crawl Stone Soup version 0.30-a0-883-g5ad918d77d (webtiles) character file.

Game seed: 6379982588999166149

275 dolemite99 the Magician (level 6, 0/40 HPs)
             Began as a Djinni Air Elementalist on Mar 17, 2023.
             Slain by a phantom (5 damage)
             ... on level 5 of the Dungeon.
             The game lasted 00:03:41 (4122 turns).

dolemite99 the Magician (Djinni Air Elementalist)   Turns: 4122, Time: 00:03:41

Health: 0/40       AC:  2    Str:  7    XL:     6   Next: 49%
Gold:   142        EV: 12    Int: 18    God:
                   SH:  0    Dex: 14

rFire   + + .      SeeInvis .    b - staff of cold
rCold   . . .      Faith    .    (no shield)
rNeg    . . .      Spirit   .    a - +0 robe
rPois   ∞          Reflect  .    (no helmet)
rElec   .          Rampage  .    (no cloak)
rCorr   .                        (no gloves)
Will    .....                    (boots unavailable)
Stlth   ++                       (no amulet)
HPRegen 0.26/turn                (no ring)
MPRegen 0.00/turn                (no ring)

@: flying
A: sickness immunity, fire resistance 2, cold vulnerability 1, float, innate
caster, HP casting, extra vitality 1
a: no special abilities


You were on level 5 of the Dungeon.
You visited 1 branch of the dungeon, and saw 5 of its levels.

You collected 142 gold pieces.

Inventory:

Hand Weapons
 e - a +0 dagger of speed
 r - a +3 long sword of protection
Missiles
 v - 3 poisoned darts
Armour
 a - a +0 robe (worn)
 o - an orb of mayhem
Magical Staves
 b - a staff of cold (weapon)
 t - a staff of poison
Scrolls
 c - 2 scrolls of immolation {unknown}
 d - 2 scrolls of enchant armour {unknown}
 f - 5 scrolls of identify {unknown}
 h - a scroll of teleportation {unknown}
 i - a scroll of fear {unknown}
 l - a scroll of blinking {unknown}
 n - 2 scrolls of enchant weapon {unknown}
 q - 2 scrolls of vulnerability {unknown}
Potions
 g - 6 potions of curing {unknown}
 j - a potion of resistance {unknown}
 k - a potion of cancellation {unknown}
 m - 2 potions of mutation {unknown}
 p - 2 potions of brilliance {unknown}
 s - a potion of heal wounds {unknown}
 u - a potion of ambrosia {unknown}


   Skills:
 - Level 2.1 Dodging
 - Level 1.5 Stealth
 + Level 5.2 Spellcasting


You knew the following spells:

 Your Spells              Type           Power      Damage    Failure   Level
a - Shock                 Conj/Air       92%        1d8       1%          1
b - Scorch                Fire           46%        2d7       2%          2
c - Swiftness             Air            23%        N/A       4%          3
d - Airstrike             Air            11%        2d(2-18)  14%         4
e - Beastly Appendage     Tmut           46%        N/A       1%          1
f - Static Discharge      Conj/Air       46%        2-4/arc   2%          2
Your spell library was empty.

Dungeon Overview and Level Annotations

Branches:
Dungeon (5/15)
 Temple: D:4-7

Altars:
Cheibriados
Qazlal
Ru
Zin


Innate Abilities, Weirdness & Mutations

You are immune to sickness and miasma.
You are immune to poison.
Your flesh is very heat resistant. (rF++)
You are vulnerable to cold. (rC-)
You float through the air rather than walking.
You learn spells naturally, not from books.
Your magical power is your life essence.
You have superior vitality. (+4 MHP)


Message History

Confirm with . or Enter, or press ? or * to list all spells.
Flames lash the phantom.
The phantom is lightly damaged.
The phantom's fire resistance burns away.
The withered plant crumbles away.
Casting: Scorch (safe; 2% risk of failure)
Confirm with . or Enter, or press ? or * to list all spells.
Flames lash the scorpion zombie.
The scorpion zombie is lightly damaged.
The scorpion zombie's fire resistance burns away.
The bullfrog zombie hits you.
The phantom is no longer more vulnerable to fire.
The bullfrog zombie misses you.
The scorpion zombie is no longer more vulnerable to fire.
The bullfrog zombie closely misses you. The phantom hits you.
The phantom blinks!
You blink.
You stop ascending the stairs.
Found a glowing dagger and 9 gold pieces.
Casting: Scorch (safe; 2% risk of failure)
Confirm with . or Enter, or press ? or * to list all spells.
Flames lash the bullfrog skeleton.
The bullfrog skeleton is lightly damaged.
The bullfrog skeleton's fire resistance burns away.
The phantom hits you.
The phantom blinks!
You blink.
The phantom hits you.
* * * LOW HITPOINT WARNING * * *
Casting: Scorch (safe; 2% risk of failure)
Confirm with . or Enter, or press ? or * to list all spells.
Flames lash the phantom.
The phantom is lightly damaged.
The phantom's fire resistance burns away.
* * * LOW HITPOINT WARNING * * *
The bullfrog skeleton hits you.
* * * LOW HITPOINT WARNING * * *
The phantom hits you.
* * * LOW HITPOINT WARNING * * *
The bullfrog skeleton hits you.
* * * LOW HITPOINT WARNING * * *
The bullfrog skeleton is no longer more vulnerable to fire.
The phantom hits you.
You die...

########
#...@PP#
#.~≈ZW.#
##~~~~W.#
#..~~~ZZ####
......~~.~....#
.....P.......<#
.....)..#....†#
........#.....#
..............#


You could see 2 phantoms, a bullfrog zombie, a scorpion zombie and a bullfrog
skeleton.

Vanquished Creatures
  An orc priest (D:4)
  A hound (D:4)
  An orc wizard (D:4)
  Robin (D:3)
  2 adders
  3 gnolls (D:3)
  2 worms (D:3)
  5 dart slugs
  13 orcs
  6 ball pythons
  An endoplasm (D:1)
  3 giant cockroaches
  16 goblins
  14 hobgoblins
  5 jackals
  2 quokkas
  5 bats
  6 frilled lizards
  4 kobolds
  9 rats
100 creatures vanquished.

Vanquished Creatures (others)
  3 withered plants
3 creatures vanquished.

Grand Total: 103 creatures vanquished

Notes
Turn   | Place    | Note
-------+----------+-------------------------------------------
     0 | D:1      | dolemite99 the Djinni Air Elementalist began the quest for
                  | the Orb.
     0 | D:1      | dolemite99 set off with the following spells memorised:
                  | Shock, Static Discharge, Swiftness, Airstrike.
     0 | D:1      | Reached XP level 1. HP: 15/15 MP: 0/0
   128 | D:1      | Reached XP level 2. HP: 12/21 MP: 0/0
   267 | D:1      | Reached skill level 3 in Spellcasting
   420 | D:1      | Reached XP level 3. HP: 22/25 MP: 0/0
   420 | D:1      | Learned a level 1 spell: Beastly Appendage
  1541 | D:2      | Reached XP level 4. HP: 30/31 MP: 0/0
  1735 | D:3      | Found a sacrificial altar of Ru.
  1744 | D:3      | Reached skill level 4 in Spellcasting
  1837 | D:3      | Reached XP level 5. HP: 8/35 MP: 0/0
  1837 | D:3      | Learned a level 2 spell: Scorch
  2310 | D:3      | Noticed Robin
  2481 | D:3      | Killed Robin
  2659 | D:3      | Found a stormy altar of Qazlal.
  3432 | D:4      | Reached XP level 6. HP: 36/40 MP: 0/0
  3451 | D:4      | Reached skill level 5 in Spellcasting
  3711 | D:4      | Found a snail-covered altar of Cheibriados.
  3712 | D:4      | Found a glowing silver altar of Zin.
  4021 | D:5      | Entered Level 5 of the Dungeon
  4122 | D:5      | Slain by a phantom

Illustrated notes

Levels and vault maps discovered:
D:1:      grunt_arrival_crossed_arrows, layout_basic, minmay_pentomino_r4
D:2:      layout_rooms, dk_noncrumbling_3, minmay_tiny_reverse_x
D:3:      layout_basic, mainiacjoe_overflow_brackets,
          nicolae_qazlal_scattered_showers, minmay_misc_feat_five,
          amcnicky_mini_pool_small, uniq_robin
D:4:      layout_basic, nicolae_overflow_squiral, kiku_gazebo_garden_becter
D:5:      layout_rooms, overflow_temple_1_default,
          nicolae_hepliaklqana_monster_ancestors,
          minmay_temple_entry_butterflies, serial_undead, serial_undead_b,
          serial_undead_c, serial_undead_f, serial_undead_a,
          minmay_shop_grid_forest, reono_crystal_passage, uniq_blork_the_orc

Skill      XL: |  1  2  3  4  5  6 |
---------------+-------------------+-----
Spellcasting   | 3 4 5 |  5.2
Dodging        | |  2.1
Stealth        | |  1.5

Action                     |  1- 3 |  4- 6 || total
---------------------------+-------+-------++-------
   Cast: Shock             |    73 |    92 ||   165
         Static Discharge  |       |     2 ||     2
         Scorch            |       |    49 ||    49
 Armour: Robe              |     3 |     4 ||     7
  Dodge: Dodged            |     6 |    43 ||    49

Table legend: (Time is in decaauts)
 A = Elapsed time spent in this place.
 B = Non-inter-level travel time spent in this place.
 C = Inter-level travel time spent in this place.
 D = Time resting spent in this place.
 E = Time spent auto-exploring this place.
 F = Levels seen in this place.
 G = Mean time per level.
                   A        B        C        D        E       F      G
               +--------+--------+--------+--------+--------+-----+--------+
         Total |   4121 |   3949 |    172 |    954 |   2296 |   5 |  824.2 |
       Dungeon |   4121 |   3949 |    172 |    954 |   2296 |   5 |  824.2 |
               +--------+--------+--------+--------+--------+-----+--------+

Top non-repeatable levels by time:
     D:3: 1390 daAuts
     D:2: 933 daAuts
     D:1: 914 daAuts
     D:4: 863 daAuts
     D:5: 19 daAuts
